 Dungeon Crawl Stone Soup version 0.22.1-6-g1668fe2c40 (webtiles) character file.

47120 Peloso the Fencer (level 14, -3/129 HPs)
             Began as a Minotaur Fighter on Jan 27, 2019.
             Was the Champion of Okawaru.
             Slain by an entropy weaver (9 damage)
             ... on level 6 of the Lair of Beasts.
             The game lasted 00:39:15 (14192 turns).

Peloso the Fencer (Minotaur Fighter)               Turns: 14192, Time: 00:39:15

Health: -3/129     AC:  6    Str: 23    XL:     14   Next: 7%
Magic:  13/13      EV:  7    Int:  5    God:    Okawaru [******]
Gold:   629        SH: 14    Dex: 18    Spells: 13/13 levels left

rFire    . . .     SeeInvis +   b - +6 scimitar of Hatred {elec, Dex+5}
rCold    . . .     Gourm    .   c - +0 shield
rNeg     . . .     Faith    .   g - +1 crystal plate armour
rPois    .         Spirit   .   (helmet restricted)
rElec    .         Reflect  .   Y - +1 cloak
rCorr    .         Harm     .   r - +0 pair of gloves
MR       ++...                  R - +1 pair of boots {Fly}
Stlth    ..........             h - amulet of regeneration
HPRegen  0.71/turn              P - ring of protection from magic
MPRegen  0.13/turn              u - ring of see invisible

@: lethally poisoned (-3 -> -4), corroded, flying, studying Unarmed Combat
A: retaliatory headbutt, horns 2
a: Heroism, Finesse, Renounce Religion, Stop Flying


You were on level 6 of the Lair of Beasts.
You worshipped Okawaru.
Okawaru was exalted by your worship.
You were hungry.

You visited 3 branches of the dungeon, and saw 19 of its levels.

You collected 949 gold pieces.
You spent 320 gold pieces at shops.

Inventory:

Hand Weapons
 a - a +4 double sword of draining
 b - the +6 scimitar of Hatred (weapon) {elec, Dex+5}
   (Okawaru gifted it to you on level 1 of the Lair of Beasts)

   Occasionally, upon striking a foe, it will discharge some electrical energy
   and cause terrible harm.
   It affects your dexterity (+5).
 y - a +0 scimitar of flaming
Missiles
 T - 21 poisoned needles
Armour
 c - a +0 shield (worn)
 g - a +1 crystal plate armour (worn)
 r - a +0 pair of gloves (worn)
 R - a +1 pair of boots of flying (worn)
 Y - a +1 cloak (worn)
Jewellery
 h - an amulet of regeneration (around neck)
 p - an uncursed ring of flight
 u - a ring of see invisible (right hand)
 F - an uncursed ring of protection from magic
 I - an uncursed ring of fire
 O - an uncursed ring of protection from cold
 P - a ring of protection from magic (left hand)
 Z - an uncursed ring of protection from magic
Wands
 A - a wand of digging (33)
 B - a wand of random effects (31)
 G - a wand of paralysis (13)
Scrolls
 d - 6 scrolls of enchant armour {unknown}
 e - 4 scrolls of magic mapping {unknown}
 i - 5 scrolls of blinking {unknown}
 j - a scroll of identify
 k - 5 scrolls of teleportation
 l - 2 scrolls of fear {unknown}
 m - 5 scrolls of enchant weapon {unknown}
 o - 10 scrolls of remove curse
 q - 3 scrolls of immolation
 v - a scroll of fog
 x - 2 scrolls of brand weapon
 D - a scroll of amnesia {unknown}
 E - 3 scrolls of random uselessness {unknown}
 L - 2 scrolls of noise {unknown}
 N - a scroll of acquirement {unknown}
 U - a scroll of summoning {unknown}
Potions
 n - 9 potions of curing
 s - 2 potions of agility
 t - 3 potions of invisibility
 w - 2 potions of berserk rage
 z - 3 potions of might
 C - 5 potions of flight
 J - a potion of heal wounds
 M - a potion of haste
 Q - a potion of brilliance
 S - a potion of cancellation
Books
 H - a manual of Unarmed Combat
Comestibles
 f - 39 rations
 K - 4 chunks of flesh


   Skills:
 + Level 13.1 Fighting
 + Level 15.7 Long Blades
   Level 1.3(2.0) Axes
   Level 2.2(2.5) Maces & Flails
 + Level 13.4 Armour
 + Level 4.9 Dodging
 + Level 1.9 Stealth
 + Level 14.4 Shields
 + Level 0.2 Invocations
 + Level 1.1 Evocations


You had 13 spell levels left.
You didn't know any spells.
Your spell library contained the following spells:

 Spells                   Type           Power        Failure   Level  Hunger
 Beastly Appendage        Tmut           #.....       100%        1    ##.....
 Corona                   Hex            #......      100%        1    ##.....
 Freeze                   Ice            #...         100%        1    ##.....
 Magic Dart               Conj           #...         100%        1    ##.....
 Blink                    Tloc           N/A          100%        2    ###....
 Call Imp                 Summ           #.......     100%        2    ###....
 Poisonous Vapours        Pois/Air       #.....       100%        2    ###....
 Slow                     Hex            #.......     100%        2    ###....
 Sticks to Snakes         Tmut           #.......     100%        2    ###....
 Throw Frost              Conj/Ice       #.....       100%        2    ###....
 Conjure Flame            Conj/Fire      #.......     100%        3    ####...
 Inner Flame              Hex/Fire       #.......     100%        3    ####...
 Mephitic Cloud           Conj/Pois/Air  #.......     100%        3    ####...
 Ozocubu's Armour         Chrm/Ice       #.......     100%        3    ####...
 Portal Projectile        Hex/Tloc       #.....       100%        3    ####...
 Spider Form              Tmut/Pois      #.........   100%        3    ####...
 Cause Fear               Hex            #.........   100%        4    #####..
 Ice Form                 Ice/Tmut       #.......     100%        4    #####..
 Leda's Liquefaction      Hex/Erth       #.........   100%        4    #####..
 Summon Ice Beast         Ice/Summ       #.......     100%        4    #####..
 Throw Icicle             Conj/Ice       #.......     100%        4    #####..
 Blade Hands              Tmut           #.........   100%        5    ######.
 Freezing Cloud           Conj/Ice/Air   #.........   100%        6    #######
 Ring of Flames           Chrm/Fire      #.........   100%        7    #######


Dungeon Overview and Level Annotations

Branches:
Dungeon (12/15)            Temple (1/1) D:5            Lair (6/6) D:10
  Swamp (0/4) Lair:3        Snake (0/4) Lair:3          Orc (0/2) D:12
  Slime: Lair:5-6

Altars:
Ashenzari
Cheibriados
Elyvilon
Hepliaklqana
Kikubaaqudgha
Nemelex Xobeh
Okawaru
Uskayaw
Vehumet
Wu Jian
Xom
Yredelemnul

Shops:
D:8 %%}:   D:9 !   D:11 }

Annotations:
D:9 2 runed doors


Innate Abilities, Weirdness & Mutations

You reflexively headbutt those who attack you in melee.
You have a pair of horns on your head.


Message History

The entropy weaver is heavily wounded.
The soldier ant stings you!
* * * LOW HITPOINT WARNING * * *
The entropy weaver hits you.
* * * LOW HITPOINT WARNING * * *
The entropy weaver hits you!
* * * LOW HITPOINT WARNING * * *
You block the entropy weaver's attack. x2
You hit the entropy weaver but do no damage.
Lightning courses through the entropy weaver!
You headbutt the entropy weaver, but do no damage.
The entropy weaver is almost dead.
The soldier ant stings you.
* * * LOW HITPOINT WARNING * * *
The entropy weaver hits you.
* * * LOW HITPOINT WARNING * * *
You block the entropy weaver's attack. The entropy weaver hits you!
* * * LOW HITPOINT WARNING * * *
The entropy weaver hits you!
You die... ..............# .............## #.... ..............# .#.[ . .............## #...#. .######.......# aaaa... ## ###.......# aaa#.:# .#..#..†#.....## aaaa.

.......#.......##aa#
...#.#...##....#@#
.........##....†#a###
....#.....#...........#
... #.....##...........
###
#.....##............
#....P##............
########............
##..........#
#.........#


You could see a queen ant, an entropy weaver, 6 soldier ants and 6 worker ants.

Vanquished Creatures
  An entropy weaver (Lair:6)
  The ghost of matti1234 the Covert, a journeyman OpWr of Gozag (Lair:4)
  Fannar (Lair:1)
  7 hydras
  Erica (Lair:2)
  A two-headed ogre (D:11)
  11 death yaks
  Pikel (D:6)
  An elephant (D:10)
  6 black mambas
  13 spiny frogs
  A gargoyle (D:12)
  2 rime drakes
  7 komodo dragons
  A polar bear (Lair:5)
  A troll (D:11)
  14 blink frogs
  7 hippogriffs
  A bog body (Lair:3)
  20 dream sheep
  A shadow (D:12)
  A wyvern (Lair:3)
  27 yaks
  Eustachio (D:6)
  3 vampire mosquitoes (D:10)
  4 basilisks
  A hungry ghost (D:9)
  4 nagas (Lair:3)
  10 soldier ants
  3 swamp worms (Lair:3)
  9 water moccasins
  Duvessa (D:6)
  10 porcupines
  An eye of draining (D:11)
  4 ice beasts
  3 orc warriors
  A black bear (D:6)
  A sky beast (D:11)
  A slave (D:6)
  A necrophage (D:11)
  5 ogres
  A phantom (D:8)
  A hornet zombie (D:9)
  5 centaurs
  4 wolves (Lair:3)
  7 crocodiles
  7 bullfrogs
  3 big kobolds (D:11)
  Blork the orc (D:6)
  Dowan (D:6)
  A wyvern skeleton (D:9)
  A scorpion (D:7)
  A water moccasin skeleton (D:5)
  6 killer bees (D:10)
  8 wights (D:9)
  3 electric eels
  A howler monkey (D:4)
  2 crimson imps (D:11)
  2 bullfrog zombies
  6 hounds
  3 orc priests
  A jelly (D:12)
  A bullfrog skeleton (D:6)
  7 orc wizards
  4 hell rats (Lair:4)
  9 worker ants
  2 hound skeletons
  A howler monkey skeleton (D:5)
  3 gnolls (D:4)
  10 adders
  2 shadow imps
  2 worms (D:3)
  2 leopard geckos (D:3)
  45 orcs
  6 goblins
  11 hobgoblins
  14 jackals
  8 kobolds
  3 quokkas
  2 ball pythons
  7 bats
  4 frilled lizards
  A leopard gecko skeleton (D:6)
  9 rats
  A fungus (Lair:4)
  4 plants
413 creatures vanquished.

Vanquished Creatures (others)
  A slave (D:6)
  A scorpion (D:6)
  2 fungi (Lair:4)
  A plant (Lair:4)
5 creatures vanquished.

Grand Total: 418 creatures vanquished

Notes
Turn   | Place    | Note
-------+----------+-------------------------------------------
     0 | D:1      | Peloso the Minotaur Fighter began the quest for the Orb.
     0 | D:1      | Reached XP level 1. HP: 19/19 MP: 0/0
   105 | D:1      | Found a snail-covered altar of Cheibriados.
   130 | D:1      | Reached XP level 2. HP: 24/27 MP: 1/1
   471 | D:2      | Reached XP level 3. HP: 33/33 MP: 2/2
   755 | D:2      | Reached skill level 3 in Long Blades
  1388 | D:3      | Reached XP level 4. HP: 38/40 MP: 3/3
  1801 | D:3      | Reached skill level 5 in Shields
  1873 | D:4      | Noticed an ogre
  1887 | D:4      | Killed an ogre
  1887 | D:4      | Reached skill level 4 in Long Blades
  1887 | D:4      | Reached skill level 1 in Dodging
  1887 | D:4      | Reached XP level 5. HP: 47/47 MP: 4/4
  1899 | D:4      | Reached XP level 6. HP: 46/53 MP: 5/5
  2091 | D:4      | Reached skill level 5 in Long Blades
  2349 | D:5      | Entered Level 5 of the Dungeon
  2463 | D:5      | Found an iron altar of Okawaru.
  2468 | D:5      | Reached skill level 5 in Armour
  2472 | D:5      | Became a worshipper of Warmaster Okawaru
  2589 | D:5      | Reached XP level 7. HP: 59/60 MP: 6/6
  2688 | D:5      | Found a basalt altar of Yredelemnul.
  2859 | D:5      | Found a staircase to the Ecumenical Temple.
  2868 | Temple   | Entered the Ecumenical Temple
  2927 | D:5      | Found a white marble altar of Elyvilon.
  2979 | D:6      | Noticed Eustachio
  3056 | D:6      | Killed Eustachio
  3056 | D:6      | Reached skill level 6 in Long Blades
  3101 | D:6      | Reached * piety under Okawaru
  3118 | D:6      | Noticed Pikel
  3156 | D:6      | Killed Pikel
  3156 | D:6      | Reached skill level 5 in Fighting
  3156 | D:6      | Reached skill level 7 in Long Blades
  3156 | D:6      | Reached XP level 8. HP: 49/68 MP: 7/7
  3227 | D:6      | Reached skill level 8 in Long Blades
  3561 | D:6      | Noticed Blork the orc
  3561 | D:6      | Noticed Duvessa
  3565 | D:6      | Noticed Dowan
  3573 | D:6      | Killed Duvessa
  3577 | D:6      | Killed Blork the orc
  3585 | D:6      | Killed Dowan
  3810 | D:7      | Found an ornate altar of the Wu Jian Council.
  3874 | D:7      | Reached ** piety under Okawaru
  4107 | D:7      | Reached XP level 9. HP: 75/75 MP: 8/8
  4377 | D:8      | Reached skill level 9 in Long Blades
  4434 | D:8      | Found Bued Cep's Food Shop.
  4436 | D:8      | Found Saylywotz's Food Shop.
  4436 | D:8      | Found Ogeomodgh's Gadget Shop.
  4455 | D:8      | Found Guduh's Book Shop.
  4488 | D:8      | Found a shattered altar of Ashenzari.
  4806 | D:8      | Found a hazy altar of Hepliaklqana.
  4858 | D:8      | Reached *** piety under Okawaru
  5064 | D:8      | Found a hazy altar of Hepliaklqana.
  5065 | D:8      | Found a shimmering altar of Xom.
  5066 | D:8      | Noticed a spectral ugly thing
  5241 | D:9      | Found a sparkling altar of Nemelex Xobeh.
  5409 | D:9      | Found Wemus's Distillery.
  5417 | D:9      | Bought a potion of mutation for 80 gold pieces
  5417 | D:9      | Bought a potion of curing for 30 gold pieces
  5417 | D:9      | Bought a potion of heal wounds for 50 gold pieces
  5417 | D:9      | Bought a potion of berserk rage for 50 gold pieces
  5417 | D:9      | Bought a potion of lignification for 30 gold pieces
  5417 | D:9      | Bought a potion of ambrosia for 80 gold pieces
  5417 | D:9      | Found a runed door.
  5523 | D:9      | Reached skill level 10 in Long Blades
  5610 | D:9      | Found a runed door.
  5615 | D:9      | Found a hide-covered altar of Uskayaw.
  5625 | D:9      | Reached XP level 10. HP: 61/86 MP: 9/9
  5634 | D:9      | Reached **** piety under Okawaru
  5639 | D:9      | Noticed a dagger
  5639 | D:9      | Noticed a dagger
  6025 | D:9      | Got a scorched flail
  6026 | D:9      | Identified the +12 flail "Ycaklof" {holy, rElec rC+ Int-2
                  | Dex+3 SInv} (You found it on level 9 of the Dungeon)
  6045 | D:10     | Entered Level 10 of the Dungeon
  6102 | D:10     | Reached skill level 11 in Long Blades
  6425 | D:10     | Found a staircase to the Lair.
  6427 | D:10     | Noticed an elephant
  6440 | D:10     | Killed an elephant
  6440 | D:10     | Reached ***** piety under Okawaru
  6440 | D:10     | Reached skill level 10 in Shields
  6482 | D:10     | Reached skill level 12 in Long Blades
  7117 | D:11     | Noticed a six-headed hydra
  7135 | D:10     | Killed a six-headed hydra
  7135 | D:10     | Reached skill level 1 in Maces & Flails
  7577 | D:11     | Noticed a two-headed ogre
  7587 | D:11     | Killed a two-headed ogre
  7587 | D:11     | Reached XP level 11. HP: 90/95 MP: 10/10
  7711 | D:11     | Found Daceget's Gadget Shop.
  7858 | D:11     | Received a gift from Okawaru
  7906 | D:11     | Noticed a three-headed hydra
  7912 | D:11     | Killed a one-headed hydra
  8333 | D:12     | Found a staircase to the Orcish Mines.
  8758 | Lair:1   | Entered Level 1 of the Lair of Beasts
  8766 | Lair:1   | Noticed a six-headed hydra
  8791 | D:10     | Reached skill level 13 in Long Blades
  8912 | D:10     | Killed a one-headed hydra
  8912 | D:10     | Reached skill level 1 in Axes
  8912 | D:10     | Reached skill level 10 in Armour
  9153 | Lair:1   | Received a gift from Okawaru
  9393 | Lair:1   | Noticed Fannar
  9409 | Lair:1   | Killed Fannar
  9409 | Lair:1   | Received a gift from Okawaru
  9409 | Lair:1   | Reached skill level 10 in Fighting
  9409 | Lair:1   | Reached XP level 12. HP: 106/106 MP: 11/11
  9416 | Lair:1   | Got a transparent scimitar {god gift}
  9417 | Lair:1   | Identified the +6 scimitar of Hatred {elec, Dex+5} (Okawaru
                  | gifted it to you on level 1 of the Lair of Beasts)
  9780 | Lair:2   | Noticed Erica
  9789 | Lair:2   | Killed Erica
  9789 | Lair:2   | Reached skill level 14 in Long Blades
 10489 | Lair:3   | Found a staircase to the Snake Pit.
 10511 | Lair:3   | Reached skill level 1 in Stealth
 10848 | Lair:3   | Reached ****** piety under Okawaru
 11019 | Lair:3   | Received a gift from Okawaru
 11215 | Lair:3   | Found a staircase to the Swamp.
 11520 | Lair:4   | Noticed an eight-headed hydra
 11525 | Lair:4   | Noticed a six-headed hydra
 11536 | Lair:4   | Killed a two-headed hydra
 11635 | Lair:4   | Found a runed door.
 11635 | Lair:4   | Noticed matti1234's ghost (journeyman OpWr)
 11635 | Lair:4   | Noticed an eight-headed hydra
 11650 | Lair:4   | Killed a five-headed hydra
 11694 | Lair:4   | Noticed a death yak
 11695 | Lair:4   | Noticed a death yak
 11696 | Lair:4   | Noticed a death yak
 11696 | Lair:4   | Noticed a death yak
 11696 | Lair:4   | Noticed a death yak
 11702 | Lair:4   | Killed a four-headed hydra
 11702 | Lair:4   | Received a gift from Okawaru
 11702 | Lair:4   | Reached XP level 13. HP: 48/116 MP: 12/12
 11909 | Lair:3   | Reached skill level 15 in Long Blades
 11942 | Lair:4   | Killed matti1234's ghost
 12680 | Lair:5   | Received a gift from Okawaru
 13226 | Lair:5   | Reached skill level 1 in Evocations
 13722 | Lair:6   | Entered Level 6 of the Lair of Beasts
 13885 | Lair:6   | Received a gift from Okawaru
 14112 | Lair:6   | Reached XP level 14. HP: 129/129 MP: 13/13
 14121 | Lair:6   | Noticed an entropy weaver
 14124 | Lair:6   | Noticed an entropy weaver
 14182 | Lair:6   | Killed an entropy weaver
 14192 | Lair:6   | HP: 6/129 [entropy weaver (12)]
 14192 | Lair:6   | Slain by an entropy weaver

Skill      XL: |  1  2  3  4  5  6  7  8  9 10 11 12 13 |
---------------+----------------------------------------+-----
Shields        | 4 5 6 7 9 10 11 13 14 | 14.4
Fighting       | 4 5 6 7 8 10 11 13 | 13.1
Armour         | 4 5 6 7 9 10 11 13 | 13.4
Long Blades    | 3 4 5 7 8 10 12 13 14 15 | 15.7
Dodging        | 1 2 3 4 |  4.9
Maces & Flails | 2 |  2.2
Axes           | 1 |  1.3
Stealth        | 1 |  1.9
Evocations     | 1 |  1.1
Invocations    | |  0.2

Action                   |  1- 3 |  4- 6 |  7- 9 | 10-12 | 13-15 || total
-------------------------+-------+-------+-------+-------+-------++-------
Melee: Long sword        |   107 |   137 |   321 |       |       ||   565
       Headbutt          |    11 |    26 |    65 |   137 |    99 ||   338
       Scimitar          |       |       |    26 |   457 |   313 ||   796
       Whip              |       |       |       |    12 |       ||    12
       Double sword      |       |       |       |    65 |       ||    65
       Hand axe          |       |       |       |    25 |       ||    25
       Flail             |       |       |       |     6 |     4 ||    10
Invok: Heroism           |       |       |     2 |     1 |       ||     3
Evoke: Wand              |       |       |       |       |     4 ||     4
  Use: Potion            |       |     1 |       |     2 |       ||     3
       Scroll            |       |       |       |    12 |       ||    12
  Eat: Chunk             |     1 |     4 |     9 |    19 |     5 ||    38
       Ration            |       |       |     1 |       |     1 ||     2
Armor: Scale mail        |    77 |    50 |    33 |       |       ||   160
       Chain mail        |       |       |    17 |   125 |     9 ||   151
       Plate armour      |       |       |    62 |   103 |       ||   165
       Crystal plate arm |       |       |       |       |   101 ||   101
Dodge: Dodged            |    38 |    50 |    64 |   162 |    42 ||   356
Block: Shield            |    87 |    83 |   167 |   333 |   153 ||   823
       Rpst.: Long sword |    11 |    11 |    16 |       |       ||    38
       Scimitar          |       |       |     2 |    30 |     7 ||    39
       Double sword      |       |       |       |     5 |       ||     5
